AoeStats
← Joseph.da98

Arena

510183517Analyzed
4v4 RM · 2d ago on Sep 29, 2026· 47m 20s· 8 players
Game mode
Random Map
Map size
Large (8 player)
Population
200
Speed
Normal
Resources
Standard
Victory
Conquest
Starting age
Dark Age
Ending age
Imperial Age
RankedLock teamsTeams togetherTeam positionsShared explorationLock speedFull tech treeHidden civsTurbo modeCheats
Victory
Defeat
🇦🇷 Byzantines · Argentina
1309
+11
🇹🇷 Mongols · Türkiye
1304
+11
🇩🇪 Bohemians · Germany
1301
+11
🇪🇸 Teutons · Spain
1247
+14
🇩🇪 Wei · Germany
1239
-13
🇩🇪 Saxons · Germany
1225
-13
🇩🇪 Persians · Germany
1174
-11
🇩🇪 Khitans · Germany
1136
-10
[UNZ] SmellyCoder70
10:58 Feudal Age
11:10 Loom
11:46 Double-Bit Axe
11:42 Horse Collar
15:06 Fletching
21:01 Castle Age
20:22 Wheelbarrow
22:18 Town Watch
23:32 Stone Mining
26:52 Squires
26:16 Pikeman
31:09 Ballistics
34:16 Imperial Age
36:07 Chemistry
35:49 Scale Mail Armor
35:59 Forging
35:36 Capped Ram
37:15 Conscription
38:15 Chain Mail Armor
38:35 Iron Casting
38:52 Iron Casting
40:42 Hand Cart
40:27 Town Patrol
41:31 Blast Furnace
41:24 Arson
42:23 Plate Mail Armor
42:37 Elite Teutonic Knight
45:47 Heavy Plow
45:53 Town Patrol
46:04 Bow Saw
46:13 Man-at-Arms
46:38 Gambesons
46:14 Halberdier
Nghtly
9:55 Feudal Age
13:58 Castle Age
12:09 Double-Bit Axe
13:25 Horse Collar
22:46 Stone Mining
22:50 Gold Mining
23:13 Bow Saw
23:13 Heavy Plow
24:48 Wheelbarrow
26:28 Gold Shaft Mining
26:30 Stone Shaft Mining
26:48 Padded Archer Armor
27:26 Husbandry
27:36 Thumb Ring
31:04 Imperial Age
29:27 Ballistics
29:00 Fletching
29:40 Bloodlines
29:36 Bodkin Arrow
29:57 Leather Archer Armor
31:36 Hand Cart
31:06 Town Watch
31:13 Loom
31:10 Onager
32:13 Conscription
31:56 Bracer
33:08 Chemistry
32:21 Masonry
32:28 Town Patrol
32:43 Elite Mangudai
33:31 Nomads
34:07 Forging
34:02 Scale Barding Armor
34:22 Caravan
33:47 Capped Ram
34:49 Siege Ram
39:44 Parthian Tactics
43:38 Light Cavalry
44:55 Iron Casting
44:40 Chain Barding Armor
46:08 Hussar
47:50 Blast Furnace
Szorinx
9:50 Feudal Age
11:02 Feudal Age
13:22 Horse Collar
13:28 Double-Bit Axe
15:45 Castle Age
28:14 Imperial Age
25:30 Loom
27:12 Bow Saw
29:41 Chemistry
31:21 Wheelbarrow
31:29 Conscription
31:24 Fervor
31:35 Sanctity
31:04 Town Watch
32:01 Padded Archer Armor
31:38 Pikeman
32:18 Squires
32:43 Hand Cart
33:18 Leather Archer Armor
33:15 Forging
33:06 Scale Mail Armor
35:07 Heavy Plow
35:33 Halberdier
36:31 Chain Mail Armor
36:51 Iron Casting
37:28 Masonry
39:43 Ring Archer Armor
39:44 Plate Mail Armor
40:14 Blast Furnace
40:29 Houfnice
43:10 Fletching
43:46 Ballistics
43:57 Architecture
43:23 Murder Holes
43:33 Siege Engineers
44:03 Architecture
43:29 Murder Holes
43:48 Wagenburg Tactics
44:21 Town Patrol
44:25 Caravan
44:35 Guilds
45:05 Bodkin Arrow
Agua Mineral
11:04 Feudal Age
11:45 Horse Collar
11:50 Double-Bit Axe
15:31 Wheelbarrow
18:12 Castle Age
18:34 Gold Mining
19:20 Bow Saw
21:36 Husbandry
22:21 Gold Shaft Mining
21:50 Heavy Plow
22:31 Fervor
23:02 Hand Cart
24:30 Sanctity
25:18 Loom
28:55 Forging
28:50 Scale Barding Armor
28:36 Fletching
31:30 Imperial Age
29:42 Coinage
29:53 Stone Mining
31:51 Iron Casting
31:36 Chain Barding Armor
31:54 Stone Shaft Mining
31:50 Bodkin Arrow
32:16 Treadmill Crane
32:08 Elite Cataphract
33:48 Conscription
34:00 Logistica
33:34 Heavy Camel Rider
36:13 Plate Barding Armor
37:24 Block Printing
38:24 Ballistics
40:34 Bracer
41:45 Chemistry
42:39 Murder Holes
42:56 Fortified Wall
LoarBure123
8:41 Loom
10:26 Feudal Age
15:48 Castle Age
14:04 Stone Mining
14:25 Double-Bit Axe
14:32 Domestication
18:34 Fletching
18:55 Forging
18:46 Scale Mail Armor
23:49 Bodkin Arrow
25:29 Wheelbarrow
28:32 Town Watch
31:19 Iron Casting
35:30 Imperial Age
33:23 Chain Mail Armor
33:32 Hand Cart
33:18 Town Patrol
35:18 Bow Saw
36:07 Lamellar Armor
35:56 Elite Liao Dao
37:55 Conscription
38:22 Plate Mail Armor
37:56 Gold Mining
41:23 Elite Skirmisher
42:09 Thumb Ring
42:12 Bracer
42:12 Padded Archer Armor
44:36 Ballistics
45:17 Chemistry
Schlensen
5:07 Loom
10:50 Feudal Age
16:18 Castle Age
14:32 Fletching
19:41 Squires
21:07 Double-Bit Axe
22:31 Horse Collar
23:20 Gambesons
25:14 Bow Saw
25:09 Heavy Plow
28:29 Scale Mail Armor
29:42 Chain Mail Armor
30:48 Forging
31:24 Bodkin Arrow
31:28 Pikeman
35:40 Imperial Age
34:20 Wheelbarrow
34:02 Gold Mining
34:04 Stone Mining
35:25 Iron Casting
37:23 Plate Mail Armor
36:56 Bracer
37:02 Halberdier
40:52 Shield Wall
42:13 Elite Varangian Guard
44:39 Elite Varangian Guard
Joseph.da98
11:26 Feudal Age
12:35 Double-Bit Axe
15:17 Castle Age
16:09 Stone Mining
16:11 Gold Mining
18:49 Bow Saw
18:22 Horse Collar
26:15 Wheelbarrow
26:29 Gold Shaft Mining
26:29 Stone Shaft Mining
26:20 Scale Barding Armor
26:16 Scale Mail Armor
27:12 Heavy Plow
31:33 Imperial Age
29:37 Hand Cart
29:57 Loom
30:48 Chain Barding Armor
30:43 Chain Mail Armor
31:26 Cavalier
32:07 Husbandry
32:17 Bloodlines
32:25 Forging
33:35 Savar
35:27 Heavy Camel Rider
38:28 Plate Mail Armor
39:40 Plate Barding Armor
39:40 Iron Casting
43:45 Blast Furnace
opus DEPPUS
11:40 Feudal Age
15:07 Castle Age
13:11 Double-Bit Axe
13:07 Horse Collar
13:41 Gold Mining
16:36 Bow Saw
16:47 Heavy Plow
18:25 Wheelbarrow
22:57 Hand Cart
22:52 Loom
25:28 Gold Shaft Mining
24:45 Stone Mining
28:20 Imperial Age
26:04 Bloodlines
25:55 Husbandry
26:23 Fletching
26:34 Padded Archer Armor
27:01 Town Watch
27:13 Bodkin Arrow
27:48 Thumb Ring
28:22 Crossbowman
30:11 Parthian Tactics
29:48 Bracer
30:50 Chemistry
30:20 Ballistics
31:43 Town Patrol
33:04 Ming Guang Armor
33:38 Conscription
34:22 Leather Archer Armor
35:16 Scale Barding Armor
35:23 Forging
35:26 Masonry
34:56 Elite Tiger Cavalry
37:42 Chain Barding Armor
37:59 Iron Casting
38:53 Murder Holes
41:45 Blast Furnace
45:07 Tuntian
45:10 Light Cavalry
Connection lost

Rejoining the realm…

Still unreachable

The connection could not be restored.

Session expired

The server has moved on; the page needs a fresh start.